Map: [ESL] Gresvan

Players

ByuN

  • Race: Terran Terran
  • Spawn Location: 5:00

Clem - Winner!

  • Race: Terran Terran
  • Spawn Location: 11:00

Event: ESL SC2 Masters 2023 Summer (Finals)

VOD

Have the link to the VOD?

Description

Time

  • Played on: June 17, 2023, 1:42 p.m.
  • Length: 9:37

All games in this series

Show
View Real Time Build Order
Export as new Build Order

ByuN Terran 

Build Orders: Reaper Expand 

Get SALT Encoding   

  12  0:00  SCV  
  13  0:12  SCV  
  14  0:17  Supply Depot  
  14  0:24  SCV  
  15  0:38  SCV  
  15  0:39  Barracks  
  16  0:42  Refinery  
  16  0:50  SCV  
  17  1:03  SCV  
  18  1:15  SCV  
  19  1:25  Reaper  
  19  1:27  Orbital Command  
  19  1:28  Supply Depot  
  20  1:45  Command Center  
  20  1:52  SCV  
  21  1:57  Marine  
  22  2:03  Factory  
  22  2:05  SCV  
  23  2:12  Refinery  
  23  2:17  SCV  
  23  2:19  Barracks Reactor  
  24  2:24  Barracks  
  24  2:29  SCV  
  25  2:41  SCV  
  26  2:46  Factory Tech Lab  
  26  2:56  SCV  
  26  2:57  Marine x2  
  28  3:01  Orbital Command  
  28  3:04  Cyclone  
  30  3:08  SCV  
  30  3:13  Barracks Tech Lab  
  30  3:15  Marine x2  
  32  3:26  SCV  
  31  3:28  SCV  
  31  3:32  Marine  
  31  3:33  Marine x2  
  33  3:39  SCV  
  33  3:40  Stimpack  
  32  3:46  Siege Tank  
  35  3:51  Orbital Command, SCV  
  35  3:55  Marine  
  38  3:56  Marine x2  
  39  4:03  SCV  
  40  4:13  Marine  
  40  4:14  Marine x2  
  43  4:17  Supply Depot  
  43  4:20  SCV x2  
  43  4:24  Refinery, Supply Depot  
  44  4:32  Marine  
  44  4:36  Starport  
  46  4:38  Marine  
  46  4:39  Marine, Siege Tank, SCV x2  
  46  4:44  Supply Depot  
  52  4:51  SCV x2  
  54  4:53  Marine  
  54  4:56  Marine x2  
  57  5:06  Supply Depot  
  57  5:12  SCV, Marine  
  58  5:14  Marine x2  
  58  5:15  SCV  
  61  5:23  Starport Reactor  
  61  5:24  SCV  
  61  5:27  SCV  
  62  5:29  Supply Depot  
  62  5:30  Marine, Siege Tank  
  62  5:31  Combat Shield  
  62  5:32  Marine x2  
  68  5:41  SCV x2  
  69  5:53  SCV x2  
  69  5:56  Marine x2  
  69  5:57  Marine  
  72  6:03  Medivac x2  
  77  6:05  SCV x2  
  77  6:10  Supply Depot  
  77  6:11  Command Center  
  79  6:13  Engineering Bay  
  79  6:14  Engineering Bay  
  79  6:17  SCV x2  
  81  6:24  Refinery, Siege Tank  
  84  6:29  SCV x2  
  86  6:33  Supply Depot  
  86  6:37  Marine  
  86  6:38  Marine x2  
  89  6:41  Terran Infantry Weapons Level 1, Starport Reactor, Terran Infantry Armor Level 1  
  89  6:48  SCV x2  
  85  7:00  SCV x2  
  81  7:12  SCV x2  
  81  7:14  Marine x2  
  84  7:23  Marine  
  84  7:24  SCV x2, Siege Tank  
  81  7:32  Marine x2  
  81  7:33  Orbital Command  
  81  7:36  SCV  
  84  7:40  SCV  
  84  7:42  Barracks  
  85  7:47  Marine  
  85  7:48  SCV  
  85  7:49  Marine  
  85  7:50  Marine  
  89  7:52  SCV  
  89  7:53  Barracks  
  89  7:55  Barracks  
  90  8:00  SCV x2  
  90  8:04  SCV  
  90  8:05  Armory, Marine  
  93  8:07  Marine  
  93  8:08  Marine  
  93  8:09  Medivac x2  
  93  8:11  Supply Depot  
  101  8:13  SCV  
  101  8:15  Siege Tank  
  101  8:20  SCV  
  101  8:22  Orbital Command  
  101  8:23  Marine  
  101  8:25  SCV  
  101  8:26  Marine x2  
  94  8:29  Marine  
  94  8:32  SCV  
  79  8:37  SCV  
  79  8:38  Marine  
  79  8:41  Marine  
  75  8:42  Orbital Command  
  75  8:44  Marine x2, SCV  
  75  8:45  Barracks Reactor  
  75  8:46  Marine, Barracks Reactor  
  78  8:49  SCV  
  78  8:56  Marine  
  78  8:58  Siege Tank  
  78  8:59  Marine  
  78  9:02  Marine  
  84  9:08  Marine x2  
  86  9:14  Marine  
  86  9:16  Marine  
Show
View Real Time Build Order
Export as new Build Order

Clem Terran - Winner!

Build Orders:  

Get SALT Encoding   

  12  0:00  SCV  
  13  0:12  SCV  
  14  0:16  Supply Depot  
  14  0:25  SCV  
  15  0:38  SCV  
  15  0:39  Barracks  
  16  0:43  Refinery  
  16  0:50  SCV  
  17  0:58  Barracks  
  17  1:02  SCV  
  18  1:08  Refinery  
  18  1:14  SCV  
  19  1:27  Reaper  
  19  1:29  Orbital Command  
  20  1:37  Supply Depot  
  20  1:45  Reaper  
  21  1:55  SCV  
  21  1:59  Reaper  
  23  2:07  SCV, Factory  
  24  2:17  Reaper  
  24  2:19  SCV  
  26  2:31  Reaper  
  27  2:38  Command Center  
  27  2:42  SCV  
  28  2:50  Supply Depot  
  27  2:52  Reaper  
  27  2:57  Hellion  
  29  3:04  Reaper  
  30  3:06  SCV  
  31  3:14  Starport  
  31  3:18  SCV  
  32  3:23  Hellion  
  34  3:30  SCV  
  35  3:35  Reaper  
  34  3:43  SCV  
  34  3:46  Reaper  
  38  3:48  Factory Tech Lab  
  38  3:51  Orbital Command  
  38  3:55  SCV, Starport Tech Lab  
  36  3:56  Refinery  
  36  4:06  Cyclone  
  36  4:07  SCV  
  40  4:15  Barracks Reactor  
  40  4:16  SCV  
  41  4:18  Supply Depot  
  41  4:19  SCV  
  42  4:28  SCV  
  43  4:31  SCV  
  43  4:34  Stimpack, Marine  
  44  4:40  SCV  
  44  4:41  Siege Tank  
  44  4:43  SCV  
  44  4:44  Supply Depot  
  49  4:51  Starport Reactor  
  49  4:52  Marine x2  
  50  4:53  SCV  
  50  4:55  SCV  
  50  4:56  Engineering Bay  
  50  4:59  Barracks  
  52  5:00  Marine  
  52  5:05  SCV  
  54  5:07  SCV  
  54  5:09  Marine  
  54  5:11  Marine  
  54  5:13  Siege Tank  
  60  5:17  SCV  
  60  5:19  SCV  
  60  5:20  Marine  
  62  5:26  Terran Infantry Weapons Level 1  
  62  5:27  Marine  
  62  5:28  Supply Depot  
  63  5:29  SCV  
  63  5:31  SCV  
  63  5:33  Marine  
  63  5:34  Refinery  
  66  5:37  Medivac  
  66  5:38  Medivac  
  70  5:47  Barracks Reactor, Supply Depot  
  70  5:49  Marine  
  70  5:50  SCV x2  
  70  5:51  Marine  
  70  5:53  Marine  
  74  5:59  Siege Tank  
  74  6:02  SCV  
  78  6:05  Command Center  
  78  6:08  Marine  
  78  6:09  Marine  
  78  6:11  SCV, Supply Depot  
  80  6:13  Marine  
  80  6:14  Combat Shield  
  82  6:19  SCV  
  83  6:26  Marine x3, Supply Depot  
  86  6:33  Siege Tank  
  86  6:34  Medivac  
  86  6:35  Marine  
  86  6:37  Marine, Supply Depot  
  93  6:42  SCV  
  93  6:47  Marine x2, Medivac, Supply Depot  
  94  6:48  SCV  
  94  6:51  Marine  
  94  6:53  Marine  
  101  7:01  Marine  
  101  7:05  Supply Depot  
  101  7:06  SCV x2  
  104  7:09  Siege Tank  
  104  7:11  Barracks  
  104  7:13  Barracks  
  107  7:20  Terran Infantry Armor Level 1  
  107  7:21  Orbital Command, Marine x2  
  107  7:22  Viking x2  
  108  7:23  Marine x3  
  105  7:30  SCV  
  106  7:39  Marine x2  
  106  7:41  Barracks, SCV  
  106  7:42  Barracks  
  107  7:44  Marine  
  107  7:45  Siege Tank  
  107  7:47  Marine  
  107  7:49  Orbital Command, SCV  
  113  7:55  SCV  
  113  7:56  Supply Depot  
  114  7:59  Marine x3  
  114  8:01  SCV  
  118  8:05  Supply Depot  
  118  8:07  Liberator  
  118  8:12  Liberator  
  124  8:14  SCV  
  124  8:15  SCV  
  124  8:19  Marine x2  
  125  8:20  SCV  
  125  8:21  Marine  
  125  8:26  Marine, Siege Tank  
  120  8:28  Marine x2  
  120  8:29  Marine  
  117  8:37  Marine, SCV  
  117  8:38  Marine  
  117  8:39  SCV x2  
  120  8:42  Marine  
  120  8:44  Marine  
  120  8:45  Marine  
  123  8:49  SCV  
  123  8:50  Medivac  
  123  8:51  SCV  
  123  8:55  Refinery x2  
  127  8:57  Armory  
  127  8:58  Engineering Bay  
  127  9:00  Siege Tank  
  129  9:04  Marine x4  
  129  9:08  Supply Depot  
  133  9:10  Marine x3  
  133  9:16  SCV  
  137  9:19  Sensor Tower  
  137  9:20  SCV x2  
Tags
 
Add a new tag
Caveats
  • Supply blocks, unpowered buildings, or Contaminate may cause inaccurate times.
  • Supply counts are checked every 10 seconds.